 Dungeon Crawl Stone Soup version 0.27.1-15-g792fb953b9 (webtiles) character file.

Game seed: 15985551742316868939

90 Sopaderocas the Chopper (level 4, -3/41 HPs)
             Began as a Hill Orc Monk on Nov 19, 2021.
             Slain by a sickly merfolk siren (17 damage)
             ... in a sewer.
             The game lasted 00:03:46 (2276 turns).

Sopaderocas the Chopper (Hill Orc Monk)             Turns: 2276, Time: 00:03:47

Health: -3/41      AC:  6    Str: 14    XL:     4   Next: 56%
Magic:  4/4        EV: 11    Int: 10    God:
Gold:   55         SH:  0    Dex: 13    Spells: 3/3 levels left

rFire    . . .     SeeInvis .   a - +0 hand axe
rCold    . . .     Faith    .   (no shield)
rNeg     . . .     Spirit   .   i - +0 ring mail
rPois    .         Reflect  .   (no helmet)
rElec    .         Harm     .   (no cloak)
rCorr    .         Rampage  .   (no gloves)
Will     .....                  c - +0 pair of boots
Stlth    +.........             (no amulet)
HPRegen  0.13/turn              (no ring)
MPRegen  0.09/turn              (no ring)

@: mesmerised
A: no striking features
a: no special abilities


You were in a sewer.
You visited 1 branch of the dungeon, and saw 3 of its levels.
You also visited: Sewer.

You collected 55 gold pieces.

Inventory:

Hand Weapons
 a - a +0 hand axe (weapon)
Armour
 b - a +0 robe
 c - a +0 pair of boots (worn)
 i - a +0 ring mail (worn)
Scrolls
 d - a scroll of amnesia {unknown}
 e - a scroll of enchant weapon {unknown}
 g - 2 scrolls of identify {unknown}
 h - a scroll of enchant armour {unknown}
 j - a scroll of noise {unknown}
 k - a scroll of torment {unknown}


   Skills:
 + Level 4.4 Fighting
 + Level 5.4 Axes
 + Level 0.9 Armour
 + Level 2.9 Dodging
 - Level 1.5 Stealth


You had 3 spell levels left.
You didn't know any spells.
Your spell library contained the following spells:

 Spells                   Type           Power      Damage    Failure   Level
 Magic Dart               Conj           0%         1d3       61%         1
 Call Imp                 Summ           0%         N/A       75%         2
 Mephitic Cloud           Conj/Pois/Air  0%         N/A       93%         3


Dungeon Overview and Level Annotations

Branches:
Dungeon (3/15)              Sewer (1/1)

Altars:


Message History

The sickly merfolk siren chants its luring song.
The sickly merfolk siren chants its luring song.
The sickly merfolk siren chants its luring song.
The sickly merfolk siren chants its luring song.
The sickly merfolk siren chants its luring song.
The sickly merfolk siren hits you from afar with a +0 trident!!
Unknown command.
Found 12 gold pieces.
The sickly merfolk siren chants its luring song.
You closely miss the sickly merfolk siren.
The sickly merfolk siren hits you with a +0 trident!
* * * LOW HITPOINT WARNING * * *
It was a potion of curing.
You feel better.
The sickly merfolk siren chants its luring song.
You barely miss the sickly merfolk siren.
The sickly merfolk siren chants its luring song.
You hit the sickly merfolk siren.
The sickly merfolk siren is lightly wounded.
The sickly merfolk siren closely misses you.
You hit the sickly merfolk siren.
The sickly merfolk siren is heavily wounded.
The sickly merfolk siren chants its luring song.
You hit the sickly merfolk siren but do no damage.
The sickly merfolk siren is heavily wounded.
The sickly merfolk siren hits you with a +0 trident!
* * * LOW HITPOINT WARNING * * *
You feel better.
The sickly merfolk siren chants its luring song.
You feel better.
The sickly merfolk siren chants its luring song.
You closely miss the sickly merfolk siren.
The sickly merfolk siren is heavily wounded.
The sickly merfolk siren chants its luring song.
You barely miss the sickly merfolk siren.
The sickly merfolk siren is moderately wounded.
The sickly merfolk siren chants its luring song.
You hit the sickly merfolk siren but do no damage.
The sickly merfolk siren is moderately wounded.
The sickly merfolk siren hits you with a +0 trident!
You die...

†≈≈≈### ≈≈≈≈∩∩#
#######
≈≈≈≈##########
####
≈≈≈≈≈≈≈≈≈≈≈≈≈#
$$$#
##########≈≈≈###
≈..
#.#≈≈≈###≈####
#÷##≈≈≈†≈≈≈≈≈#
#......@m≈≈≈≈#
#######...≈≈≈#
##...≈≈≈≈
##...≈# #####


You could see a sickly merfolk siren (mesmerising).

Vanquished Creatures
  Natasha (D:3)
  A river rat (Sewer)
  A worm (D:3)
  A dart slug (D:1)
  An orc (D:3)
  3 ball pythons
  4 bats (D:1)
  5 endoplasms
  5 giant cockroaches
  3 goblins
  A hobgoblin (D:2)
  3 kobolds
  6 quokkas
  3 frilled lizards
  12 rats
50 creatures vanquished.

Notes
Turn   | Place    | Note
-------+----------+-------------------------------------------
     0 | D:1      | Sopaderocas the Hill Orc Monk began the quest for the Orb.
     0 | D:1      | Reached XP level 1. HP: 19/19 MP: 1/1
   260 | D:1      | Found a faded altar of an unknown god.
   356 | D:1      | Reached XP level 2. HP: 21/27 MP: 2/2
  1199 | D:2      | Reached XP level 3. HP: 33/33 MP: 3/3
  1753 | D:3      | Noticed Natasha
  1759 | D:3      | Killed Natasha
  1760 | D:3      | Reached skill level 5 in Axes
  1787 | D:3      | Reached XP level 4. HP: 34/40 MP: 4/4
  1952 | D:3      | Found a glowing drain.
  1978 | Sewer    | Entered a sewer
  2271 | Sewer    | HP: 1/41 [sickly merfolk siren (14)]
  2276 | Sewer    | Slain by a sickly merfolk siren

Illustrated notes

Levels and vault maps discovered:
D:1:      onia_arrival_pyramid, layout_basic, shapermc_ecumenical_altar_petra
D:2:      layout_loops_cross
D:3:      layout_rooms, gup_sewer_entry_pipe, serial_corexii_hall,
          chequers_hall_statues_wall_a, corexii_hall_statues_i,
          corexii_hall_statues_x, corexii_hall_statues_deadend, uniq_sigmund,
          uniq_natasha, uniq_jessica, uniq_crazy_yiuf_cottage
Sewer:    sewer_sea

Skill      XL: |  1  2  3 |
---------------+----------+-----
Fighting       | 4 |  4.4
Axes           | 5 |  5.4
Armour         | |  0.9
Dodging        | |  2.9
Stealth        | |  1.5

Action                   |  1- 3 |  4- 6 || total
-------------------------+-------+-------++-------
Melee: Hand axe          |    82 |    72 ||   154
  Use: Potion            |       |     3 ||     3
Armor: Robe              |     7 |       ||     7
       Ring mail         |    16 |    14 ||    30
Dodge: Dodged            |    59 |    36 ||    95
